 Dungeon Crawl Stone Soup version 0.29-a0-542-g075992c915 (webtiles) character file.

Game seed: 3056590055588719127

21 Flugkiller the Skirmisher (level 3, -2/34 HPs)
             Began as a Meteoran Chaos Knight on June 3, 2022.
             Was a Plaything of Xom.
             Slain by a killer bee (6 damage)
             ... on level 2 of the Dungeon.
             The game lasted 00:00:44 (182 turns).

Flugkiller the Skirmisher (Meteoran Chaos Knight)    Turns: 182, Time: 00:00:44

Health: -2/34      AC:  6    Str: 15    XL:     3   Next: 20%
Magic:  4/4        EV: 12    Int: 13    God:    Xom [..*...]
Gold:   13         SH:  0    Dex: 22    Spells: 2/2 levels left

rFire   . . .      SeeInvis .   a - +0 hand axe (chaos)
rCold   . . .      Faith    .   (no shield)
rNeg    . . .      Spirit   .   b - +2 leather armour
rPois   .          Reflect  .   f - +0 helmet of Hysteria {*Slow Dex+8}
rElec   .          Harm     .   (no cloak)
rCorr   .          Rampage  .   (no gloves)
Will    .....                   (no boots)
Stlth   +.........              (no amulet)
HPRegen 0.11/turn               (no ring)
MPRegen 0.09/turn               (no ring)

@: lethally poisoned (-2 -> -15), glowing
A: sense surroundings 1, otherworldly, glowing, explore regen
a: Renounce Religion


You were on level 2 of the Dungeon.
You worshipped Xom.
You were a toy of Xom.
You visited 1 branch of the dungeon, and saw 2 of its levels.

You collected 13 gold pieces.

Inventory:

Hand Weapons
 a - a +0 hand axe of chaos (weapon)
Armour
 b - a +2 leather armour (worn)
 f - the +0 helmet of Hysteria (worn) {*Slow Dex+8}
   (You found it on level 2 of the Dungeon)

   Dex:       It affects your dexterity (+8).
   *Slow:     It may slow you when you take damage.
Scrolls
 d - a scroll of enchant weapon {unknown}
 e - a scroll of teleportation {unknown}
Miscellaneous
 c - a piece from Xom's chessboard (15/15) (quivered)


   Skills:
 + Level 4.4 Fighting
 - Level 3.6 Axes
 - Level 2.4 Armour
 - Level 1.2 Dodging


You had 2 spell levels left.
You didn't know any spells.
Your spell library was empty.

Dungeon Overview and Level Annotations

Branches:
Dungeon (2/15)

Altars:


Innate Abilities, Weirdness & Mutations

You passively map a small area around you.
You are easily found by Zot.
You glow in the dark.
You regain HP and MP as you explore.


Message History

The dart slug bites you.
You hit the dart slug.
You kill the dart slug!
You barely miss the kobold. The kobold hits you but does no damage.
Found a stone staircase leading down.
You see here a dart slug corpse.
You hit the kobold. Lightning courses through the kobold!!
You kill the kobold!
You have reached level 3!
Your experience leads to an increase in your attributes!
Increase (S)trength, (I)ntelligence, or (D)exterity?
You feel stronger. x2; You feel agile.
There is a stone staircase leading down here.
You climb downwards.
The endoplasm quivers.
There is a stone staircase leading up here.
You hit the endoplasm.
The endoplasm flickers and vanishes!
Deactivating autopickup; reactivate with Ctrl-A.
Something hits you.
No target in view!
You hit something.
Reactivating autopickup.
You feel a bit more experienced.
A kobold comes into view. It is wielding a +0 club.
The kobold shouts!
A ball python comes into view.
The ball python hisses angrily.
The kobold hits you but does no damage.
You closely miss the kobold. The kobold hits you with a +0 club.
You hit the kobold. You burn the kobold. You punch the kobold.
You kill the kobold!
The ball python bites you but does no damage.
The ball python grabs you. The ball python constricts you.
You see here a +0 club.
You slash the ball python!
You kill the ball python!
Found a dazzling helmet.
You see here a ball python corpse.
No target in view! "Let's try an experiment, hmmm?"
Your eyebrows wriggle.
A goblin comes into view. It is wielding a +0 club.
The goblin shouts!
You see here the +0 helmet of Hysteria {*Slow Dex+8}.
f - the +0 helmet of Hysteria {*Slow Dex+8} The goblin unwields a +0 club.
The goblin wields a +0 hunting sling.
The goblin shoots a sling bullet.
The sling bullet hits you.
The goblin shoots a sling bullet.
The sling bullet hits you but does no damage.
The goblin shoots a sling bullet.
The sling bullet hits you but does no damage.
You closely miss the goblin.
The goblin unwields a +0 hunting sling.
The goblin wields a +0 club.
The goblin hits you but does no damage.
You hit the goblin.
The goblin is severely wounded.
The goblin hits you with a +0 club.
You hit the goblin.
You kill the goblin!
No target in view!
Things that are here:
a +0 club; a +0 hunting sling; a goblin corpse You start putting on your armour.
You continue putting on the +0 helmet of Hysteria {*Slow Dex+8}. x4
You finish putting on the +0 helmet of Hysteria {*Slow Dex+8}.
You feel agile.
Found a leather armour.
You see here a +0 leather armour.
An adder comes into view.
The adder moves out of view.
The adder hisses angrily.
The adder bites you but does no damage.
You hit the adder.
The adder is moderately wounded.
The adder closely misses you. The adder bites you but does no damage.
You barely miss the adder.
The adder is moderately wounded.
The adder bites you but does no damage.
You barely miss the adder.
The adder is moderately wounded.
The adder bites you but does no damage.
You hit the adder.
The adder evaporates and reforms as a killer bee!
Xom snickers.
A monocle briefly appears over your right eye.
The killer bee stings you. x2
You are poisoned.
The killer bee poisons you!
You closely miss the killer bee.
You feel sick. The killer bee stings you. The killer bee stings you!
* * * LOW HITPOINT WARNING * * *
You are lethally poisoned!
The killer bee poisons you!
You miss the killer bee.
* * * LOW HITPOINT WARNING * * *
You feel very sick. The killer bee stings you.
* * * LOW HITPOINT WARNING * * *
The killer bee stings you.
You die...
Xom chuckles heartily!

, * * * * , * * * *
* ### * * * ... ,,
###### #.# * * ,
#....####y# *
####.##....#@# ,, ,
#<....#....#.######
####..#....#......#
######)#######.# *
#†......#[#
#..####.#.# *
#.....#.#.#
#.....#.#.#
######.....#...#


You could see a killer bee.

Vanquished Creatures
  A dart slug (D:1)
  An endoplasm (D:2)
  2 goblins
  A hobgoblin (D:1)
  3 jackals (D:1)
  2 ball pythons
  2 bats (D:1)
  2 frilled lizards (D:1)
  2 kobolds
  2 rats (D:1)
18 creatures vanquished.

Vanquished Creatures (others)
  A dart slug (D:1)
1 creature vanquished.

Grand Total: 19 creatures vanquished

Notes
Turn   | Place    | Note
-------+----------+-------------------------------------------
     0 | D:1      | Flugkiller the Meteoran Chaos Knight began the quest for
                  | the Orb.
     0 | D:1      | Reached XP level 1. HP: 19/19 MP: 2/2
    46 | D:1      | Reached XP level 2. HP: 11/27 MP: 3/3
    71 | D:1      | Reached skill level 4 in Fighting
   107 | D:1      | Reached XP level 3. HP: 32/33 MP: 4/4
   134 | D:2      | XOM: silly message
   135 | D:2      | Identified the +0 helmet of Hysteria {*Slow Dex+8}
   180 | D:2      | Noticed a killer bee
   180 | D:2      | an adder changed into a killer bee
   180 | D:2      | XOM: silly message
   182 | D:2      | Slain by a killer bee

Illustrated notes

Levels and vault maps discovered:
D:1:      nzn_arrival_crosshair, layout_basic
D:2:      layout_basic, basic_altar

Skill      XL: |  1  2 |
---------------+-------+-----
Fighting       | 4 |  4.4
Axes           | |  3.6
Armour         | |  2.4
Dodging        | |  1.2

Action                   || total
-------------------------++-------
Melee: Hand axe          ||    54
       Punch             ||     1
Armor: Leather armour    ||    35
Dodge: Dodged            ||    20

Table legend: (Time is in decaauts)
 A = Elapsed time spent in this place.
 B = Non-inter-level travel time spent in this place.
 C = Inter-level travel time spent in this place.
 D = Time resting spent in this place.
 E = Time spent auto-exploring this place.
 F = Levels seen in this place.
 G = Mean time per level.
                   A        B        C        D        E       F      G
               +--------+--------+--------+--------+--------+-----+--------+
         Total |    187 |    187 |      0 |      0 |      0 |   2 |   93.5 |
       Dungeon |    187 |    187 |      0 |      0 |      0 |   2 |   93.5 |
               +--------+--------+--------+--------+--------+-----+--------+

Top non-repeatable levels by time:
     D:1: 117 daAuts
     D:2: 70 daAuts
